Map: Ascension to Aiur LE

Players

Gamebomber

  • Race: Protoss Protoss
  • League: Master
  • Spawn Location: 5:00

Winthrowe

  • Race: Protoss Protoss
  • League: Silver
  • Spawn Location: 11:00

BallSavage

  • Race: Terran Terran
  • League: Grandmaster

Nikitta

  • Race: Terran Terran

VOD

Have the link to the VOD?

Description

Time

  • Played on: Aug. 31, 2017, 7:50 p.m.
  • Length: 11:13
Show
View Real Time Build Order
Export as new Build Order

Gamebomber Protoss 

Build Orders: 1 Gate Expand, Zealot Archon 

Get SALT Encoding   

  12  0:01  Probe (Chrono Boost)  
  13  0:11  Probe (Chrono Boost)  
  14  0:18  Pylon  
  14  0:22  Probe (Chrono Boost)  
  15  0:36  Probe (Chrono Boost)  
  15  0:38  Gateway  
  16  0:43  Assimilator  
  16  0:47  Probe (Chrono Boost)  
  17  0:58  Probe (Chrono Boost)  
  18  1:08  Probe (Chrono Boost)  
  19  1:19  Probe (Chrono Boost)  
  20  1:30  Nexus  
  20  1:38  Cybernetics Core  
  20  1:43  Assimilator  
  20  1:49  Probe (Chrono Boost)  
  21  1:55  Pylon  
  21  2:00  Probe (Chrono Boost)  
  22  2:10  Probe (Chrono Boost)  
  23  2:17  Stalker  
  23  2:20  Warp Gate (Chrono Boost)  
  23  2:21  Mothership Core (Chrono Boost)  
  27  2:34  Pylon  
  27  2:39  Probe (Chrono Boost)  
  27  2:43  Gateway  
  28  2:48  Sentry  
  28  2:49  Probe (Chrono Boost)  
  31  2:53  Probe (Chrono Boost)  
  32  2:59  Probe (Chrono Boost)  
  32  3:03  Probe (Chrono Boost)  
  34  3:10  Probe (Chrono Boost)  
  35  3:16  Robotics Facility  
  35  3:17  Probe (Chrono Boost)  
  36  3:20  Probe (Chrono Boost)  
  37  3:28  Probe (Chrono Boost)  
  37  3:29  Probe (Chrono Boost)  
  37  3:32  Zealot  
  37  3:33  Sentry  
  43  3:38  Pylon  
  43  3:40  Probe x2  
  45  3:50  Probe  
  45  3:52  Probe  
  47  3:58  Pylon  
  47  4:01  Probe  
  48  4:04  Probe (Chrono Boost)  
  48  4:06  Observer  
  50  4:13  Probe (Chrono Boost)  
  50  4:16  Probe (Chrono Boost)  
  51  4:24  Probe (Chrono Boost)  
  52  4:26  Pylon, Probe (Chrono Boost)  
  52  4:27  Pylon  
  52  4:29  Assimilator  
  53  4:33  Assimilator  
  53  4:34  Probe (Chrono Boost)  
  53  4:37  Adept x2, Probe (Chrono Boost)  
  53  4:38  Gateway x2  
  59  4:43  Warp Prism  
  61  4:47  Probe (Chrono Boost)  
  61  4:52  Twilight Council  
  63  4:53  Probe (Chrono Boost)  
  63  5:04  Forge  
  63  5:07  Forge  
  63  5:26  Nexus  
  64  5:28  Probe (Chrono Boost)  
  64  5:32  Charge  
  64  5:39  Protoss Ground Weapons Level 1 (Chrono Boost)  
  64  5:40  Pylon, Protoss Ground Armor Level 1 (Chrono Boost)  
  62  5:44  Photon Cannon  
  62  5:45  Pylon  
  62  5:50  Probe  
  62  5:51  Photon Cannon, Probe  
  64  6:00  Templar Archives  
  66  6:08  Zealot  
  66  6:09  Zealot x2  
  72  6:12  Zealot  
  72  6:22  Gateway  
  72  6:25  Gateway  
  72  6:26  Probe x2  
  72  6:27  Gateway  
  74  6:38  Probe x2  
  74  6:39  High Templar x2  
  80  6:43  High Templar x2  
  80  6:45  Archon  
  84  6:50  Probe, Archon  
  83  7:06  Probe  
  84  7:12  Probe  
  84  7:14  Probe  
  86  7:21  Gateway x2, Probe  
  87  7:22  Pylon  
  87  7:24  Protoss Ground Armor Level 2 (Chrono Boost), Protoss Ground Weapons Level 2 (Chrono Boost)  
  87  7:25  Pylon, Probe  
  87  7:26  Pylon  
  87  7:28  Assimilator  
  87  7:31  Zealot x4  
  87  7:32  Assimilator  
  87  7:35  Pylon  
  87  7:36  Probe  
  96  7:39  Probe  
  96  7:40  Probe  
  96  7:43  Psionic Storm  
  98  7:49  High Templar  
  98  7:50  High Templar x2  
  103  7:52  Probe x2  
  103  7:53  Probe  
  106  8:03  Probe  
  106  8:04  Probe  
  106  8:05  Probe  
  109  8:06  Adept x3  
  109  8:10  Robotics Bay  
  115  8:13  Robotics Facility, Probe  
  115  8:16  Probe  
  115  8:17  Probe  
  118  8:32  Nexus  
  118  8:35  Pylon  
  118  8:42  Blink  
  119  8:48  Probe  
  119  8:53  Probe x2  
  117  8:57  Colossus, Extended Thermal Lance  
  117  9:00  Colossus  
  129  9:04  Probe  
  129  9:07  Probe  
  129  9:08  Probe  
  132  9:16  Pylon, Probe  
  133  9:17  Probe  
  133  9:20  Probe  
  133  9:22  Stalker x3  
  133  9:23  Stalker x4  
  147  9:42  Probe x2  
  147  9:43  Probe  
  147  9:44  Probe  
  149  9:53  Colossus, Probe x2  
  149  9:58  Assimilator  
  157  10:01  Assimilator  
  157  10:03  Probe x2  
  157  10:04  Colossus  
  164  10:17  Nexus  
  164  10:19  Pylon  
  164  10:24  Probe  
  161  10:30  Photon Cannon  
  161  10:33  Photon Cannon  
  161  10:36  High Templar x4  
  161  10:37  Photon Cannon  
  161  10:39  Photon Cannon  
  161  10:41  Photon Cannon  
  169  10:45  Zealot x4  
  169  10:46  Zealot  
  179  10:53  Probe  
  179  10:54  Probe  
  176  11:05  Stalker  
  176  11:06  Stalker x4  
  176  11:08  Stalker  
Show
View Real Time Build Order
Export as new Build Order

Winthrowe Protoss 

Build Orders:  

Get SALT Encoding   

  12  0:14  Supply Depot, SCV  
  13  0:26  SCV  
  14  0:38  SCV  
  15  0:46  Barracks  
  15  0:50  SCV  
  16  0:58  Refinery  
  16  1:02  SCV  
  17  1:14  SCV  
  17  1:16  Barracks  
  18  1:26  SCV  
  19  1:33  Marine  
  19  1:38  SCV  
  21  1:50  SCV  
  21  1:52  Marine  
  23  2:29  Factory  
  23  2:32  Orbital Command  
  23  3:04  Supply Depot  
  23  3:08  Command Center  
  23  3:09  Marine x2  
  25  3:27  Marine x2, Supply Depot  
  25  3:28  Factory Tech Lab  
  25  3:33  SCV  
  28  3:35  Refinery  
  28  3:45  Marine x2, SCV  
  28  3:46  Starport  
  31  3:54  Supply Depot  
  31  4:03  SCV  
  32  4:14  Marine x2  
  32  4:15  SCV  
  35  4:17  Supply Depot  
  35  4:27  SCV  
  36  4:33  SCV  
  37  4:44  Medivac  
  39  4:45  SCV  
  39  4:50  Engineering Bay  
  40  4:58  SCV  
  41  5:01  Bunker  
  41  5:03  Factory Tech Lab  
  41  5:07  Marine  
  41  5:10  SCV  
  43  5:22  SCV  
  44  5:29  Supply Depot  
  44  5:33  Engineering Bay  
  44  5:34  SCV  
  44  5:43  Marine x2  
  44  5:46  Siege Tank, SCV  
  44  5:48  Medivac  
  52  5:51  Missile Turret  
  52  5:58  SCV  
  52  6:00  Marine  
  52  6:01  Marine  
  55  6:10  SCV  
  56  6:11  Missile Turret  
  56  6:13  Missile Turret  
  56  6:22  SCV  
  57  6:32  Missile Turret x2  
  57  6:34  Marine, SCV  
  57  6:38  Marine  
  60  6:46  SCV  
  61  6:52  Marine, Missile Turret  
  62  6:56  Marine  
  62  6:58  SCV  
  61  7:06  Missile Turret  
  59  7:11  SCV  
  58  7:16  Marine, Marauder  
  58  7:19  Widow Mine  
  57  7:23  SCV  
  57  7:25  Missile Turret  
  58  7:33  Command Center  
  58  7:34  Marine  
  58  7:35  SCV  
  60  7:37  Marauder  
  60  7:39  Viking  
  64  7:46  Armory  
  64  7:47  Widow Mine  
  66  7:52  Marine  
  66  7:53  Terran Infantry Weapons Level 1  
  66  7:54  Terran Infantry Armor Level 1  
  67  7:58  Marine  
  67  8:09  Marine  
  67  8:10  Barracks  
  68  8:16  Widow Mine  
  58  8:39  SCV  
  54  8:45  Marine x2  
  54  8:47  Missile Turret  
  55  8:48  Hellion  
  55  8:51  Viking, SCV  
  51  9:02  Marine  
  51  9:03  Marine, SCV  
  53  9:10  Hellion  
  53  9:15  SCV  
  52  9:20  Marine  
  52  9:21  Viking, Marauder  
  55  9:28  SCV  
  56  9:31  Hellion  
  56  9:38  Marine  
  53  9:42  Marauder  
  54  9:50  SCV  
  54  9:51  Viking  
  59  9:53  Hellion  
  59  9:55  SCV  
  59  9:56  Marine  
  61  10:02  SCV  
  61  10:04  Marauder  
  64  10:14  Marine, SCV, Hellion  
  66  10:15  Missile Turret  
  59  10:25  Marauder  
  59  10:26  SCV  
  45  10:36  SCV  
  45  10:38  SCV  
  45  10:47  Marauder  
  45  10:48  SCV  
Show
View Real Time Build Order
Export as new Build Order

BallSavage Terran 

Build Orders:  

Get SALT Encoding   

Show
View Real Time Build Order
Export as new Build Order

Nikitta Terran 

Build Orders:  

Get SALT Encoding   

Tags
 
Add a new tag
Caveats
  • Supply blocks, unpowered buildings, or Contaminate may cause inaccurate times.
  • Supply counts are checked every 10 seconds.